 Dungeon Crawl Stone Soup version 0.23-a0-296-ga3b1b28 (webtiles) character file.

16 iamserjio the Skirmisher (level 2, 9/19 HPs)
             Began as a Gargoyle Berserker on Oct 5, 2018.
             Was a Follower of Trog.
             Quit the game on level 1 of the Dungeon.
             The game lasted 00:02:32 (411 turns).

iamserjio the Skirmisher (Gargoyle Berserker)        Turns: 411, Time: 00:02:34

Health: 9/19       AC:  8    Str: 20    XL:     2   Next: 58%
Magic:  2/2        EV: 11    Int:  7    God:    Trog [*.....]
Gold:   14         SH:  0    Dex:  9    Spells: 1/1 levels left

rFire    . . .     SeeInvis .   a - +0 hand axe
rCold    . . .     Gourm    .   (no shield)
rNeg     + . .     Faith    .   g - +0 ring mail
rPois    ∞         Spirit   .   (no helmet)
rElec    +         Reflect  .   (no cloak)
rCorr    .         Harm     .   (no gloves)
MR       .....                  (no boots)
Stlth    ..........             (no amulet)
HPRegen  0.06/turn              (no ring)
MPRegen  0.08/turn              (no ring)

@: no status effects
A: negative energy resistance 1, electricity resistance, unbreathing,
petrification resistance, rot immunity, AC +2
a: Berserk, Renounce Religion


You were on level 1 of the Dungeon.
You worshipped Trog.
Trog was aware of your devotion.
You were not hungry.

You visited 1 branch of the dungeon, and saw 1 of its levels.

You collected 14 gold pieces.

Inventory:

Hand Weapons
 a - a +0 hand axe (weapon)
Missiles
 d - 8 poisoned javelins (quivered)
Armour
 b - a +0 animal skin
 g - a +0 ring mail (worn)
Scrolls
 e - 2 scrolls of remove curse {unknown}
 k - a scroll of amnesia {unknown}
Potions
 h - a potion of brilliance {unknown}
 i - 2 potions of lignification {unknown}
 j - a potion of magic {unknown}
Comestibles
 c - a ration
 f - 7 chunks of flesh


   Skills:
 + Level 3.5 Fighting
 * Level 3.1 Axes
 + Level 2.5 Armour
 - Level 1.5 Dodging


You had one spell level left.
You didn't know any spells.
Your spell library was empty.

Dungeon Overview and Level Annotations

Branches:
Dungeon (1/15)

Altars:


Innate Abilities, Weirdness & Mutations

You are resistant to torment.
Your stone body is resilient. (AC +2)
You are immune to poison.
You resist negative energy. (rN+)
You are resistant to electric shocks. (rElec)
You can survive without breathing.
You are immune to petrification.
You are immune to rotting.


Message History

The dart slug launches a dart at you. The slug dart hits you!
You barely miss the dart slug. The dart slug bites you.
You hit the dart slug but do no damage. The dart slug closely misses you.
You slash the dart slug!
You kill the dart slug!
Trog accepts your kill.
You see here a dart slug corpse.
You butcher the dart slug corpse.
f - 7 chunks of flesh (gained 1)
Found a scroll labeled UGAEXOOGAL.
A hobgoblin comes into view. It is wielding a club.
The hobgoblin shouts!
The hobgoblin hits you with a club.
You hit the hobgoblin.
You kill the hobgoblin!
Trog accepts your kill.
You see here a club.
k - a scroll labeled UGAEXOOGAL
Found a stone staircase leading down.

##...## #.# #..##.#.
##.....##########.# #.......
##.......##........# #####.##
##.........#.##...#.#########†..#
.'.........'.....................
##.........#.##.....#########...#
##.......##.###....# ##..#
##.....###..>..)..# #.## ##...##
#####@#### #.# ##+## #.# #.# #.#
#.# #.# ######.## #.# #.#
#.......# #.# #.###...########.#
..##.............#
..##...)########## .....#..#


There were no monsters in sight!

Vanquished Creatures
  A dart slug (D:1)
  2 bats (D:1)
  3 hobgoblins (D:1)
  3 jackals (D:1)
  A frilled lizard (D:1)
  3 kobolds (D:1)
  A rat (D:1)
14 creatures vanquished.

Notes
Turn   | Place    | Note
-------+----------+-------------------------------------------
     0 | D:1      | iamserjio the Gargoyle Berserker began the quest for the
                  | Orb.
     0 | D:1      | Reached XP level 1. HP: 14/14 MP: 1/1
   214 | D:1      | Reached XP level 2. HP: 9/19 MP: 2/2
   411 | D:1      | Quit the game

Vault maps used:
D:1:      dpeg_arrival_rooms_b, kennysheep_another_room

Skill      XL: |  1  2 |
---------------+-------+-----
Axes           | 3 |  3.1
Fighting       | |  3.5
Armour         | |  2.5
Dodging        | |  1.5

Action                   || total
-------------------------++-------
Melee: Hand axe          ||    49
Armor: Animal skin       ||     8
       Ring mail         ||     5
Dodge: Dodged            ||    35

Table legend:
 A = Non-vault XP
 B = Vault XP
 C = Vault XP percentage of total XP
 D = Non-vault monster count
 E = Vault monster count
 F = Vault count percentage of total count
                 A         B        C        D         E       F
            +---------+---------+-------+---------+---------+-------
      Total |      24 |       0 |   0.0 |      14 |       0 |   0.0
            +---------+---------+-------+---------+---------+-------
        D:1 |      24 |       0 |   0.0 |      14 |       0 |   0.0
            +---------+---------+-------+---------+---------+-------
